 Dungeon Crawl Stone Soup version 0.30-a0-568-g124715a40b (webtiles) character file.

Game seed: 2326932320516655897

6238 PyroL the Frost Mage (level 10, -3/93 HPs)
             Began as a Grey Draconian Ice Elementalist on Dec 29, 2022.
             Slain by bmack86's ghost (16 damage)
             ... on level 9 of the Dungeon.
             The game lasted 00:15:18 (8862 turns).

PyroL the Frost Mage (DrIE)                         Turns: 8862, Time: 00:15:19

Health: -3/93      AC: 24    Str: 10    XL:     10   Next: 62%
Magic:  1/19       EV: 19    Int: 27    God:
Gold:   552        SH:  0    Dex: 16    Spells: 14/21 levels left

rFire   . . .      SeeInvis .    m - +2 halberd (heavy)
rCold   . . .      Faith    .    (shield currently unavailable)
rNeg    . . .      Spirit   .    (body armour unavailable)
rPois   .          Reflect  .    (helmet restricted)
rElec   .          Harm     .    u - +0 cloak
rCorr   .          Rampage  .    r - +0 pair of gloves
Will    .....                    w - +0 pair of boots
Stlth   ++                       k - amulet of the Nurturing Gods {Acrobat Int+6 Dex+5 Slay+3}
HPRegen 0.35/turn                E - +5 ring of evasion
MPRegen 0.16/turn                (no ring)

@: ice-armoured, freezing walls
A: AC +12, amphibious, unfitting armour, cold-blooded
a: no special abilities


You were on level 9 of the Dungeon.
You visited 2 branches of the dungeon, and saw 10 of its levels.

You collected 552 gold pieces.

Inventory:

Hand Weapons
 m - a +2 heavy halberd (weapon)
Missiles
 f - 17 poisoned darts
 t - a throwing net
Armour
 r - a +0 pair of gloves (worn)
 u - a +0 cloak (worn)
 w - a +0 pair of boots (worn)
Jewellery
 k - the amulet of the Nurturing Gods (around neck) {Acrobat Int+6 Dex+5 Slay+3}
   (You found it on level 2 of the Dungeon)

   [amulet of the acrobat]

   It increases your evasion while moving and waiting.
   Int:       It affects your intelligence (+6).
   Dex:       It affects your dexterity (+5).
   Slay:      It affects your accuracy & damage with ranged weapons and melee
   (+3).
 E - a +5 ring of evasion (left hand)
 G - a ring of fire
Wands
 v - a wand of roots (3)
 y - a wand of flame (39)
 C - a wand of polymorph (9)
Scrolls
 g - a scroll of butterflies {unknown}
 i - 2 scrolls of vulnerability
 j - 2 scrolls of poison
 l - a scroll of immolation {unknown}
 n - 2 scrolls of fog {unknown}
 o - 4 scrolls of teleportation
 p - 2 scrolls of brand weapon {unknown}
 z - a scroll of fear {unknown}
 B - 2 scrolls of amnesia
 D - a scroll of magic mapping
 F - a scroll of enchant armour {unknown}
Potions
 a - 5 potions of magic
 b - 2 potions of lignification {unknown}
 c - 3 potions of attraction
 d - 2 potions of flight {unknown}
 e - 5 potions of brilliance
 h - 4 potions of heal wounds
 q - 2 potions of haste {unknown}
 s - 2 potions of berserk rage {unknown}
 x - a potion of might
 A - 3 potions of mutation {unknown}


   Skills:
 - Level 10.0 Fighting
 - Level 5.0 Dodging
 - Level 1.7 Stealth
 - Level 6.0 Spellcasting
 + Level 11.4 Ice Magic


You had 14 spell levels left.
You knew the following spells:

 Your Spells              Type           Power      Damage    Failure   Level
a - Freeze                Ice            100%       1d10      1%          1
b - Ozocubu's Armour      Ice            63%        N/A       1%          3
c - Frozen Ramparts       Ice            100%       1d16      1%          3

Your spell library contained the following spells:

 Spells                   Type           Power      Damage    Failure   Level
 Ensorcelled Hibernation  Hex/Ice        76%        N/A       1%          2
 Apportation              Tloc           16%        N/A       6%          1
 Necrotise                Necr           32%        1d5       6%          1
 Summon Small Mammal      Summ           32%        N/A       6%          1
 Summon Ice Beast         Ice/Summ       38%        N/A       6%          4
 Gell's Gravitas          Tloc           8%         N/A       19%         3
 Lesser Beckoning         Tloc           16%        N/A       19%         3
 Spider Form              Tmut/Pois      8%         N/A       19%         3
 Teleport Other           Tloc           8%         N/A       19%         3
 Anguish                  Hex/Necr       4%         N/A       54%         4


Dungeon Overview and Level Annotations

Branches:
Dungeon (9/15)             Temple (1/1) D:7
   Lair: D:8-11         Orc: D:9-12

Altars:
Ashenzari
Cheibriados
Dithmenos
Elyvilon
Fedhas
Gozag
Hepliaklqana
Kikubaaqudgha
Makhleb
Nemelex Xobeh
Okawaru
Qazlal
Ru
Sif Muna
Trog
Uskayaw
Wu Jian
Xom
Yredelemnul
Zin
The Shining One

Shops:
D:2 :   D:7 !

Annotations:
D:8 Maurice
D:9 bmack86's ghost, novice MiFi


Innate Abilities, Weirdness & Mutations

Your dull iron-grey scales are very hard. (AC +12)
You are amphibious.
You cannot fit into any form of body armour.
You are cold-blooded and may be slowed by cold attacks.


Message History

You freeze bmack86's ghost.
Bmack86's ghost is severely damaged.
The frozen ramparts melt away.
Bmack86's ghost hits you!
* * * LOW HITPOINT WARNING * * *
You feel much better. Bmack86's ghost hits you.
* * * LOW HITPOINT WARNING * * *
Casting: Freeze (safe; 1% risk of failure)
Confirm with . or Enter, or press ? or * to list all spells.
Aiming: Freeze (safe; 1% risk of failure)
Press: ? - help, Shift-Dir - straight line, f/p - bmack86's ghost
Aim: bmack86's ghost (severely damaged)
You freeze bmack86's ghost.
Bmack86's ghost is severely damaged.
Bmack86's ghost hits you but does no damage.
Casting: Freeze (safe; 1% risk of failure)
Confirm with . or Enter, or press ? or * to list all spells.
Casting: Frozen Ramparts (safe; 1% risk of failure)
Press: ? - help, Dir - look around, f - activate The walls around you are covered in ice.
The wall freezes bmack86's ghost but does no damage.
Bmack86's ghost completely misses you.
Casting: Frozen Ramparts (safe; 1% risk of failure)
Confirm with . or Enter, or press ? or * to list all spells.
You don't have enough magic to cast this spell.
Unknown command.
You puncture bmack86's ghost!
Bmack86's ghost is almost destroyed.
The wall freezes bmack86's ghost but does no damage.
Bmack86's ghost barely misses you.
The wall freezes bmack86's ghost but does no damage.
Bmack86's ghost hits you!
* * * LOW HITPOINT WARNING * * *
Okay, then.
You barely miss bmack86's ghost.
Bmack86's ghost is almost destroyed.
The wall freezes bmack86's ghost but does no damage.
Bmack86's ghost barely misses you.
The wall freezes bmack86's ghost but does no damage.
Bmack86's ghost hits you!
You die...

.<.....##.......##.#########.....
.#####....##..)#####♣♣♣# ####.#
.......#####.### #♣?..♣# #.#
.###.### ##.#####P.$...♣ #.#
.###.# ###......#♣..)..♣ #.#
.#...# ##...####.#♣.....♣ #.#
.#.#####..### #.##.....## #.#
.#.# #..## #.###'''### #.. ..(#
##.## #@#.......# ##. .#####..#
#.W....#### ## .##....## ########
###.#### ....# .#### ##


You could see bmack86's ghost.

Vanquished Creatures
  A hydra (D:9)
  2 two-headed ogres (D:9)
  Pikel (D:6)
  Psyche (D:8)
  6 yaks (D:8)
  Menkaure (D:6)
  Edmund (D:6)
  2 orc warriors
  2 ice beasts (D:7)
  A sky beast (D:7)
  4 centaurs
  3 phantoms (D:5)
  2 lemures (D:6)
  A kobold brigand (D:8)
  Blork the orc (D:6)
  2 bullfrogs
  A scorpion (D:6)
  3 killer bees (D:7)
  4 howler monkeys
  2 hounds
  A jelly (D:6)
  5 orc priests
  2 gnoll boudas
  6 iguanas
  9 orc wizards
  17 gnolls
  11 adders
  2 white imps
  2 ufetubi
  A worm (D:3)
  A dart slug (D:4)
  22 orcs
  4 ball pythons
  11 endoplasms
  2 giant cockroaches (D:1)
  5 goblins
  5 hobgoblins
  5 jackals
  11 kobolds
  10 bats
  5 frilled lizards
  5 rats
183 creatures vanquished.

Notes
Turn   | Place    | Note
-------+----------+-------------------------------------------
     0 | D:1      | PyroL the Draconian Ice Elementalist began the quest for
                  | the Orb.
     0 | D:1      | Reached XP level 1. HP: 14/14 MP: 3/3
   195 | D:1      | Reached XP level 2. HP: 20/20 MP: 1/5
   701 | D:1      | Reached XP level 3. HP: 23/26 MP: 2/7
  1391 | D:2      | Learned a level 3 spell: Ozocubu's Armour
  1395 | D:2      | Learned a level 3 spell: Frozen Ramparts
  1575 | D:2      | Found a burning altar of Makhleb.
  1629 | D:2      | Found a faded altar of an unknown god.
  1636 | D:2      | Identified the amulet of the Nurturing Gods {Acrobat Int+6
                  | Dex+5 Slay+3}
  1710 | D:2      | Reached XP level 4. HP: 33/33 MP: 6/8
  1931 | D:2      | Found Zuazimm's Book Shop.
  2193 | D:3      | Reached skill level 5 in Ice Magic
  2865 | D:4      | Reached XP level 5. HP: 38/38 MP: 11/11
  2971 | D:4      | Reached skill level 1 in Fighting
  3338 | D:4      | Reached XP level 6. HP: 51/51 MP: 6/12
  3752 | D:5      | Entered Level 5 of the Dungeon
  3910 | D:5      | Reached skill level 5 in Fighting
  3915 | D:5      | Your scales start taking on a dull iron-grey colour.
  3915 | D:5      | Reached XP level 7. HP: 34/61 MP: 13/13
  4630 | D:5      | Reached skill level 5 in Dodging
  4676 | D:5      | Found an ancient bone altar of Kikubaaqudgha.
  4708 | D:5      | Reached XP level 8. HP: 64/68 MP: 14/14
  4862 | D:6      | Reached skill level 6 in Ice Magic
  4991 | D:6      | Noticed Pikel
  4997 | D:6      | Killed Pikel
  4998 | D:6      | Reached skill level 8 in Ice Magic
  5290 | D:6      | Noticed Edmund
  5300 | D:6      | Killed Edmund
  5301 | D:6      | Reached skill level 9 in Ice Magic
  5451 | D:6      | Noticed Menkaure
  5455 | D:6      | Killed Menkaure
  5456 | D:6      | Reached XP level 9. HP: 62/73 MP: 15/15
  5804 | D:6      | Noticed Blork the orc
  5809 | D:6      | Killed Blork the orc
  5900 | D:7      | Reached skill level 10 in Ice Magic
  5997 | D:7      | Found a staircase to the Ecumenical Temple.
  6008 | Temple   | Entered the Ecumenical Temple
  6469 | D:7      | Found Mabarrat's Distillery.
  7573 | D:8      | Noticed Psyche
  7576 | D:8      | Killed Psyche
  7793 | D:8      | Noticed Maurice
  8024 | D:9      | Noticed a two-headed ogre
  8213 | D:8      | Reached skill level 10 in Fighting
  8213 | D:8      | Reached XP level 10. HP: 59/93 MP: 10/16
  8352 | D:9      | Killed a two-headed ogre
  8353 | D:9      | Reached skill level 5 in Spellcasting
  8649 | D:9      | Noticed a two-headed ogre
  8659 | D:9      | Killed a two-headed ogre
  8830 | D:9      | Found a runed translucent gate.
  8830 | D:9      | Found a runed translucent gate.
  8830 | D:9      | Found a runed translucent gate.
  8830 | D:9      | Noticed a ten-headed hydra
  8831 | D:9      | Noticed bmack86's ghost (novice MiFi)
  8843 | D:9      | Killed a ten-headed hydra
  8844 | D:9      | Reached skill level 11 in Ice Magic
  8862 | D:9      | Slain by bmack86's ghost

Illustrated notes

Levels and vault maps discovered:
D:1:      lightli_arrival_flooded_house, layout_loops_ring,
          minmay_misc_feat_pillars, item_on_display_a
D:2:      layout_loops_ring, basic_altar, serial_shops, shop,
          ebering_ecumenical_altar_sacrificial, kennysheep_nub,
          chequers_serial_rivers_room_b, kennysheep_cross_room
D:3:      layout_loops_cross
D:4:      nicolae_cairo_tiling, layout_loops_cross
D:5:      layout_loops_ring, kiku_gazebo_pond_becter
D:6:      layout_basic, uniq_blork_the_orc, uniq_pikel, uniq_edmund,
          uniq_menkaure
D:7:      layout_basic, minmay_temple_entry_glassed_door, serial_shops,
          nicolae_diamond_shop
D:8:      layout_loops_ring, uniq_psyche, uniq_maurice
D:9:      layout_rooms, serial_rivers, chequers_serial_rivers_room_a,
          chequers_serial_rivers_marsh, chequers_serial_rivers_small_a,
          chequers_serial_rivers_marsh, gammafunk_ghost_hydra_chop
Temple:   mainiacjoe_temple_cubbyholes

Skill      XL: |  1  2  3  4  5  6  7  8  9 10 |
---------------+-------------------------------+-----
Spellcasting   | 3 4 6 |  6.0
Ice Magic      | 5 9 10 11 | 11.4
Fighting       | 3 5 10 | 10.0
Dodging        | 2 5 |  5.0
Stealth        | |  1.7

Action                   |  1- 3 |  4- 6 |  7- 9 | 10-12 || total
-------------------------+-------+-------+-------+-------++-------
Melee: Unarmed           |    26 |     6 |       |       ||    32
       Tailslap          |     1 |       |    11 |     5 ||    17
       Halberd           |       |    49 |   129 |    30 ||   208
 Cast: Freeze            |    69 |    16 |    21 |    11 ||   117
       Frozen Ramparts   |       |     7 |    15 |     6 ||    28
       Ozocubu's Armour  |       |     7 |    13 |     5 ||    25
  Use: Scroll            |     3 |       |     7 |       ||    10
       Potion            |       |       |       |     2 ||     2
 Stab: Sleeping          |     2 |    13 |     4 |       ||    19
Armor: Skin              |    21 |    15 |   101 |    38 ||   175
Dodge: Dodged            |    62 |    38 |   151 |    65 ||   316

Table legend: (Time is in decaauts)
 A = Elapsed time spent in this place.
 B = Non-inter-level travel time spent in this place.
 C = Inter-level travel time spent in this place.
 D = Time resting spent in this place.
 E = Time spent auto-exploring this place.
 F = Levels seen in this place.
 G = Mean time per level.
                   A        B        C        D        E       F      G
               +--------+--------+--------+--------+--------+-----+--------+
         Total |   9122 |   8736 |    386 |    764 |   6496 |  10 |  912.2 |
       Dungeon |   8765 |   8431 |    334 |    764 |   6194 |   9 |  973.9 |
        Temple |    356 |    304 |     52 |      0 |    302 |   1 |  356.0 |
               +--------+--------+--------+--------+--------+-----+--------+

Top non-repeatable levels by time:
     D:8: 1272 daAuts
     D:5: 1148 daAuts
     D:1: 1121 daAuts
     D:6: 1034 daAuts
     D:2: 1020 daAuts
     D:7: 927 daAuts
     D:4: 911 daAuts
     D:3: 746 daAuts
     D:9: 582 daAuts
  Temple: 356 daAuts
